 Dungeon Crawl Stone Soup version 0.28-a0-589-g333b832 (webtiles) character file.

Game seed: 7702010074090088366

34 Sixotanaka the Slasher (level 3, -2/27 HPs)
             Began as a Merfolk Gladiator on Oct 3, 2021.
             Slain by a goblin (4 damage)
             ... led by Robin
             ... on level 1 of the Dungeon.
             The game lasted 00:03:53 (1463 turns).

Sixotanaka the Slasher (Merfolk Gladiator)          Turns: 1463, Time: 00:03:53

Health: -2/27      AC:  6    Str: 12 (14) XL:     3   Next: 31%
Magic:  3/3        EV: 11    Int:  5 (7)  God:
Gold:   2          SH:  0    Dex: 13 (16) Spells: 2/2 levels left

rFire   . . .      SeeInvis .   a - +0 long sword
rCold   . . .      Faith    .   (no shield)
rNeg    . . .      Spirit   .   n - +0 ring mail
rPois   .          Reflect  .   c - +0 helmet
rElec   .          Harm     .   (no cloak)
rCorr   .          Rampage  .   (no gloves)
Will    +....                   (no boots)
Stlth   +.........              (no amulet)
HPRegen 0.09/turn               j - ring of willpower
MPRegen 0.08/turn               (no ring)

@: attractive
A: (nimble swimmer 2), mertail
a: no special abilities


You were on level 1 of the Dungeon.
You visited 1 branch of the dungeon, and saw 2 of its levels.

You collected 2 gold pieces.

Inventory:

Hand Weapons
 a - a +0 long sword (weapon)
Missiles
 d - 3 throwing nets (quivered)
Armour
 c - a +0 helmet (worn)
 n - a +0 ring mail (worn)
Jewellery
 j - a ring of willpower (left hand)
Scrolls
 e - a scroll of enchant armour {unknown}
 g - a scroll of identify {unknown}
 i - a scroll of enchant weapon {unknown}
 l - a scroll of teleportation {unknown}
 m - a scroll of vulnerability {unknown}
Potions
 f - a potion of attraction
 h - a potion of degeneration


   Skills:
 - Level 2.1 Fighting
 + Level 4.7 Long Blades
 - Level 2.0 Throwing
 - Level 4.0 Dodging


You had 2 spell levels left.
You didn't know any spells.
Your spell library was empty.

Dungeon Overview and Level Annotations

Branches:
Dungeon (2/15)

Altars:

Shops:
D:1 (   D:2 (

Annotations:
D:2 Robin


Innate Abilities, Weirdness & Mutations

((You are quick and stealthy near water. (Stealth+, EV+, Speed+++)))
Your lower body shifts to a powerful aquatic tail in water.


Message History

You hit the goblin.
The goblin is heavily wounded.
The goblin completely misses you.
You miss the goblin.
The goblin is moderately wounded.
The goblin hits you with a +0 dagger of speed.
The goblin hits you but does no damage.
You hit the goblin.
The goblin is heavily wounded.
The goblin hits you but does no damage. x2
Your ring mail prevents you from hitting the goblin.
The goblin is moderately wounded.
The goblin hits you but does no damage.
You slash the goblin!
You kill the goblin!
The goblin hits you with a +2 dagger of venom.
You are poisoned.
You are too injured to fight recklessly!
You feel very sick.
You feel sick.
* * * LOW HITPOINT WARNING * * *
You feel sick.
There is a stone staircase leading up here.
It was a potion of attraction.
You feel attractive to monsters.
You feel sick. The goblin hits you but does no damage.
It was a potion of degeneration.
There was something very wrong with that liquid.
You feel weakened.
You feel dopey.
You feel clumsy.
You feel sick. The goblin misses you. The hobgoblin is attracted toward you.
You feel sick.
The hobgoblin hits you but does no damage.
The goblin barely misses you.
You climb upwards.
You feel sick.
There is a stone staircase leading down here.
It was a potion of magic.
Magic courses through your body.
You feel sick.
You are no longer poisoned.
The hobgoblin barely misses you. The goblin barely misses you.
The goblin hits you with a +2 dagger of venom.
You die...

....###...# #.# #.###.###.#.#
###.###.### #.# #.# #.###....
##...## #)# #.# #.##...#.
#####.## ####.### #.# #........
#...#.# #......###.######..#.#
#.#.#.# #.##.#.............#.#
..#...######.##.####...####...#.#
#####............##.....###...#.#
..#...######.#..@gg...........#.#
#.#.### #.#...##.....###...#.#
#...# ####.#...###.>..........#
##.## #.........###.#####....##
##.## #.#######................
#...#####.# #.##...........##
..........# #....######....#
#...#####.# #..### #..#.# ##.##
#.# #..########..#.#


You could see a hobgoblin and a goblin.

Vanquished Creatures
  A worm (D:2)
  A bat (D:1)
  2 endoplasms (D:1)
  5 goblins
  2 hobgoblins (D:1)
  4 jackals (D:1)
  2 quokkas (D:2)
  2 ball pythons (D:1)
  A frilled lizard (D:1)
  4 kobolds (D:1)
  3 rats (D:1)
27 creatures vanquished.

Notes
Turn   | Place    | Note
-------+----------+-------------------------------------------
     0 | D:1      | Sixotanaka the Merfolk Gladiator began the quest for the
                  | Orb.
     0 | D:1      | Reached XP level 1. HP: 16/16 MP: 1/1
   227 | D:1      | Reached XP level 2. HP: 22/22 MP: 2/2
   452 | D:1      | Found Imish's Weapon Boutique.
   964 | D:2      | Reached XP level 3. HP: 24/27 MP: 3/3
  1040 | D:2      | Found Jeosos's Antique Weapon Shoppe.
  1271 | D:2      | Noticed an ogre
  1401 | D:2      | Noticed Robin
  1463 | D:1      | Slain by a goblin

Illustrated notes

Levels and vault maps discovered:
D:1:      tarquinn_simple_flora_water_d, layout_loops_ring, serial_shops, shop
D:2:      layout_loops_corners, serial_shops, nicolae_shop_statue_plus,
          ebering_ecumenical_altar_hall, minmay_misc_feat_five, uniq_robin

Skill      XL: |  1  2 |
---------------+-------+-----
Long Blades    | 4 |  4.7
Fighting       | |  2.1
Throwing       | |  2.0
Dodging        | |  4.0

Action                   || total
-------------------------++-------
Melee: Long sword        ||    85
  Use: Potion            ||     3
Armor: Leather armour    ||    13
       Ring mail         ||    13
Dodge: Dodged            ||    51

Table legend: (Time is in decaauts)
 A = Elapsed time spent in this place.
 B = Non-inter-level travel time spent in this place.
 C = Inter-level travel time spent in this place.
 D = Time resting spent in this place.
 E = Time spent auto-exploring this place.
 F = Levels seen in this place.
 G = Mean time per level.
                   A        B        C        D        E       F      G
               +--------+--------+--------+--------+--------+-----+--------+
         Total |   1479 |   1420 |     59 |    134 |    931 |   2 |  739.5 |
       Dungeon |   1479 |   1420 |     59 |    134 |    931 |   2 |  739.5 |
               +--------+--------+--------+--------+--------+-----+--------+

Top non-repeatable levels by time:
     D:1: 984 daAuts
     D:2: 494 daAuts
